 Dungeon Crawl Stone Soup version 0.23.2 (webtiles) character file.

Game seed: 3304432516153451310

46 sagitran the Skirmisher (level 3, -1/30 HPs)
             Began as a Demonspawn Chaos Knight on Apr 2, 2019.
             Was a Plaything of Xom.
             Slain by a worm (8 damage)
             ... on level 2 of the Dungeon.
             The game lasted 00:03:32 (476 turns).

sagitran the Skirmisher (Demonspawn Chaos Knight)    Turns: 476, Time: 00:03:33

Health: -1/30      AC:  7    Str: 13    XL:     3   Next: 46%
Magic:  3/3        EV: 11    Int: 13    God:    Xom [..*...]
Gold:   25         SH:  0    Dex: 12    Spells: 2/2 levels left

rFire    + . .     SeeInvis .   a - +0 falchion (chaos)
rCold    . . .     Gourm    .   (no shield)
rNeg     . . .     Faith    .   b - +2 leather armour
rPois    .         Spirit   .   (no helmet)
rElec    .         Reflect  .   (no cloak)
rCorr    .         Harm     .   (no gloves)
MR       .....                  (no boots)
Stlth    +.........             (no amulet)
HPRegen  0.10/turn              (no ring)
MPRegen  0.08/turn              (no ring)

@: no status effects
A: thin metallic scales 1, fire resistance 1
a: Renounce Religion


You were on level 2 of the Dungeon.
You worshipped Xom.
You were a toy of Xom.
You were not hungry.

You visited 1 branch of the dungeon, and saw 2 of its levels.

You collected 25 gold pieces.

Inventory:

Hand Weapons
 a - a +0 falchion of chaos (weapon)
Armour
 b - a +2 leather armour (worn)
Jewellery
 g - a +4 ring of evasion {unknown}
Scrolls
 d - 2 scrolls of remove curse {unknown}
Potions
 e - a potion of haste {unknown}
Comestibles
 c - 2 rations
 f - a chunk of flesh


   Skills:
 + Level 3.6 Fighting
 + Level 3.4 Long Blades
 + Level 2.0 Armour
 + Level 0.9 Dodging


You had 2 spell levels left.
You didn't know any spells.
Your spell library was empty.

Dungeon Overview and Level Annotations

Branches:
Dungeon (1/15)

Altars:
Uskayaw


Innate Abilities, Weirdness & Mutations

You are partially covered in thin metallic scales. (AC +2)
Your flesh is heat resistant. (rF+)


Message History

You now have 25 gold pieces (gained 12).
The worm bites you but does no damage.
You hit the worm. You drain the worm.
The worm is moderately wounded.
You hit the worm but do no damage.
The worm flickers and vanishes!
Deactivating autopickup; reactivate with Ctrl-A.
Something bites you but does no damage.
You hit something. Something bites you.
You barely miss something. You closely miss something. Something bites you.
You closely miss something. Something bites you but does no damage.
You hit something. You hit something. Something bites you.
Your leather armour prevents you from hitting something.
Something bites you.
* * * LOW HITPOINT WARNING * * *
You hit something but do no damage. Pain shoots through your body.
You hit something.
Space bends around something.
Something bites you!
You die... "Boring in life, boring in death..."

#........#..........._....#
#######........####^#...........#
.....##........# #.#.(..#####..#
.....##........####.#..#.#.((#..#
.....###'#..........#....#...#..#
.....'.#.#.########.#....#####..#
.÷...#...#....# #.#.#.........#
'############.#######.#÷.##..##.#
.........# #...@{..#.##.###....#
########.# #######.#.##..#####.#
#.##..# #.. #.##...####.. #.
#.#....... #.#..###.. #.#..# #..
#.##.# #.# #.# #.#


There were no monsters in sight!

Vanquished Creatures
  An adder (D:2)
  An ooze (D:1)
  A worm (D:2)
  A dart slug (D:2)
  A ball python (D:2)
  A giant cockroach (D:1)
  4 goblins
  4 hobgoblins
  6 jackals
  4 bats (D:2)
  A frilled lizard (D:2)
  A kobold (D:1)
  A rat (D:2)
27 creatures vanquished.

Notes
Turn   | Place    | Note
-------+----------+-------------------------------------------
     0 | D:1      | sagitran the Demonspawn Chaos Knight began the quest for
                  | the Orb.
     0 | D:1      | Reached XP level 1. HP: 18/18 MP: 1/1
    54 | D:1      | Gained mutation: Your flesh is heat resistant. (rF+)
                  | [demonic ancestry]
    54 | D:1      | Reached XP level 2. HP: 24/24 MP: 2/2
   115 | D:1      | You fall through a shaft!
   151 | D:2      | Noticed a +0 hand axe
   151 | D:2      | Noticed a +0 hand axe
   152 | D:2      | Found a hide-covered altar of Uskayaw.
   160 | D:2      | XOM: harmless Tloc miscast
   235 | D:2      | Gained mutation: You are partially covered in thin metallic
                  | scales. (AC +2) [demonic ancestry]
   235 | D:2      | Reached XP level 3. HP: 2/29 MP: 3/3
   292 | D:2      | XOM: potion effect (might)
   367 | D:2      | XOM: harmless Erth miscast
   476 | D:2      | Slain by a worm

Skill      XL: |  1  2 |
---------------+-------+-----
Long Blades    | 3 |  3.4
Armour         | 2 |  2.0
Fighting       | |  3.6
Dodging        | |  0.9

Action                   || total
-------------------------++-------
Melee: Falchion          ||    76
  Use: Potion            ||     2
       Scroll            ||     1
Armor: Leather armour    ||    25
Dodge: Dodged            ||    53
       Rpst.: Falchion   ||    14
